 Dungeon Crawl Stone Soup version 0.30.0-29-ga12c61a403 (webtiles) character file.

Game seed: 4281703084039322769

12236 LynnLen the Unseen (level 11, -7/47 HPs)
             Began as a Spriggan Enchanter on June 17, 2023.
             Was a Priest of Dithmenos.
             Killed from afar by an ogre mage (53 damage)
             ... with a bolt of magma
             ... on level 10 of the Dungeon.
             The game lasted 00:41:17 (12543 turns).

LynnLen the Unseen (Spriggan Enchanter)            Turns: 12543, Time: 00:41:18

Health: -7/47      AC:  6    Str:  4    XL:     11   Next: 59%
Magic:  19/25      EV: 20    Int: 22    God:    Dithmenos [***...]
Gold:   257        SH:  0    Dex: 15    Spells: 13/29 levels left

rFire   x . .        c - +4 short sword
rCold   + . .        D - orb {guile}
rNeg    . . .        J - +0 acid dragon scales
rPois   .            (helmet restricted)
rElec   .            (no cloak)
rCorr   +            (gloves unavailable)
SInv    +            (boots unavailable)
Will    .....        (no amulet)
Stlth   ++++++++     k - +5 ring of evasion
HPRegen 0.27/turn    p - ring of ice
MPRegen 0.19/turn

%: no passive effects
@: wreathed by umbra, very quick
A: very small, no large weapons, unfitting armour, see invisible, speed 3
a: Renounce Religion, Shadow Step


You were on level 10 of the Dungeon.
You worshipped Dithmenos.
Dithmenos was most pleased with you.
You visited 1 branch of the dungeon, and saw 10 of its levels.

You collected 461 gold pieces.
You spent 204 gold pieces at shops.

Inventory:

Hand Weapons
 c - a +4 short sword (weapon)
 u - the +6 whip "Pyefrual" {vamp, Str+3 Stlth+}
   (You found it on level 3 of the Dungeon)

   Str:       It affects your strength (+3).
   Stlth:     It makes you more stealthy.
Missiles
 f - 102 stones (quivered)
 x - 8 poisoned darts
Armour
 D - an orb of guile (worn)
 J - +0 acid dragon scales (worn)
Jewellery
 k - a +5 ring of evasion (left hand)
 p - a ring of ice (right hand)
 K - a ring of fire
 M - an amulet of the acrobat
Wands
 t - a wand of mindburst (4)
 v - a wand of roots (23)
 y - a wand of polymorph (9)
 A - a wand of flame (54)
Scrolls
 a - 2 scrolls of vulnerability
 h - a scroll of magic mapping
 i - 8 scrolls of teleportation
 o - a scroll of amnesia {unknown}
 q - 4 scrolls of blinking
 r - 2 scrolls of immolation
 z - 4 scrolls of torment
 B - 2 scrolls of fog {unknown}
 F - 2 scrolls of noise {unknown}
 H - a scroll of butterflies {unknown}
 I - a scroll of poison {unknown}
 L - a scroll of fear {unknown}
Potions
 b - a potion of might
 d - 3 potions of cancellation
 e - 4 potions of brilliance
 g - a potion of magic {unknown}
 j - 2 potions of lignification
 l - 2 potions of flight {unknown}
 m - 3 potions of attraction
 n - 5 potions of curing
 s - a potion of mutation {unknown}
 w - a potion of ambrosia {unknown}
 C - 2 potions of heal wounds {unknown}
 E - 2 potions of degeneration {unknown}
 G - a potion of haste


   Skills:
 + Level 3.9 Short Blades
 * Level 4.8 Maces & Flails
 - Level 2.6 Dodging
 + Level 15.1 Stealth
 - Level 2.7 Shields
 + Level 9.9 Spellcasting
 + Level 9.7 Hexes
 * Level 3.3 Air Magic
 * Level 3.5 Poison Magic
 * Level 8.2 Evocations


You had 13 spell levels left.
You knew the following spells:

 Your Spells              Type           Power      Damage    Failure   Level
a - Ensorcelled Hibernat  Hex/Ice        96%        N/A       3%          2
b - Confusing Touch       Hex            52%        N/A       1%          3
c - Tukima's Dance        Hex            52%        N/A       1%          3
d - Poisonous Vapours     Pois/Air       52%        N/A       5%          2
e - Statue Form           Tmut/Erth      6%         N/A       100%        6

Your spell library contained the following spells:

 Spells                   Type           Power      Damage    Failure   Level
 Dazzling Flash           Conj/Hex       64%        N/A       6%          3
 Portal Projectile        Hex/Tloc       64%        N/A       6%          3
 Kiss of Death            Conj/Necr      40%        2d8       16%         1
 Mephitic Cloud           Conj/Pois/Air  20%        N/A       17%         3
 Leda's Liquefaction      Hex/Erth       16%        N/A       21%         4
 Vhi's Electric Charge    Tloc/Air       36%        N/A       22%         3
 Silence                  Hex/Air        19%        N/A       28%         5
 Gell's Gravitas          Tloc           10%        N/A       41%         3
 Hailstorm                Conj/Ice       16%        3d6       41%         3
 Teleport Other           Tloc           10%        N/A       41%         3
 Dispel Undead            Necr           10%        3d9       83%         4
 Ice Form                 Ice/Tmut       16%        N/A       83%         4
 Arcjolt                  Conj/Air       9%         1d19      91%         5
 Freezing Cloud           Conj/Ice/Air   11%        6-21      95%         5
 Agony                    Necr           10%        N/A       99%         5
 Blade Hands              Tmut           5%         N/A       99%         5
 Lee's Rapid Deconstruct  Erth           5%         3d6*      99%         5
 Dispersal                Tloc           5%         N/A       100%        6
 Simulacrum               Ice/Necr       8%         N/A       100%        6
 Maxwell's Capacitive Co  Air            12%        ∞         100%        8


Dungeon Overview and Level Annotations

Branches:
Dungeon (10/15)            Temple (0/1) D:7
   Lair: D:8-11         Orc: D:9-12

Altars:
Ashenzari
Cheibriados
Dithmenos
Fedhas
Hepliaklqana
Kikubaaqudgha
Okawaru
Uskayaw
Vehumet

Shops:
D:6 *   D:8 (


Innate Abilities, Weirdness & Mutations

You are very small and have problems with some larger weapons.
You are too small for most types of armour.
You have supernaturally acute eyesight. (SInv)
You cover ground extremely quickly. (Speed+++)


Message History

Casting: Ensorcelled Hibernation (safe; 3% risk of failure)
Confirm with . or Enter, or press ? or * to list all spells.
Aiming: Ensorcelled Hibernation (safe; 3% risk of failure)
Press: ? - help, Shift-Dir - straight line, f - ogre, p - ogre mage
Aim: an ogre, wielding a +0 giant club (umbra, chance to affect: 84%)
You feel a surge of power!
The ogre looks drowsy...
Your +0 spear hits the ogre mage from afar!
The ogre mage gestures wildly while chanting.
The ogre mage flickers and vanishes for a moment.
Your +0 spear hits the ogre mage from afar!
The ogre shouts!
You puncture the ogre!
The ogre is moderately wounded.
The ogre misses you.
Your +0 spear hits the ogre mage from afar!
Casting: Ensorcelled Hibernation (safe; 3% risk of failure)
Confirm with . or Enter, or press ? or * to list all spells.
Aiming: Tukima's Dance (safe; 1% risk of failure)
Press: ? - help, Shift-Dir - straight line, f/p - ogre
Aim: an ogre, wielding a +0 giant club (moderately wounded, chance to affect: 85%)
The ogre mage's hands twitch.
Your +0 spear hits the two-headed ogre.
Your +0 spear barely misses the ogre.
You see here a +0 giant club.
You see here a +0 giant club.
You hit the ogre mage.
The ogre mage is almost dead.
The ogre mage closely misses you.
You hit the ogre mage.
The ogre mage is almost dead.
You barely miss the ogre mage.
The ogre mage is almost dead.
The ogre mage completely misses you.
You barely miss the ogre mage.
The ogre mage is almost dead.
You hit the ogre mage but do no damage.
The ogre mage is almost dead.
The ogre mage points at you and mumbles some strange words.
The bolt of magma hits you!!! The lava burns you terribly!
Ouch! That really hurt!
You die...

.#########...########.######.##
.# #............# #.# #.# ##
#..###[.#....####.# #.# #..#
#....#.......######.#
#####..####.#....#######.....#
............##.#)# #.#####
##.##..##.####÷#.# #.#
##.##..#...###.#)# #)#
##.##..........#@# #.#
##.###.#...#####O# #.# ##.#
#.##(######.# #.# ##.#
#....OO.O...# #†#
##.######.######## #.####
##.#.......# #....# #.#.#.O...#
####.##### #.#.#.###># #.......
#.#.#.# #.########## #..#####


You could see an ogre mage (invisible).

Vanquished Creatures
  A centaur warrior (D:8)
  3 two-headed ogres (D:10)
  A skeletal warrior (D:9)
  2 cyclopes (D:9)
  A troll (D:9)
  3 hornets
  A dancing weapon (D:9)
  5 yaks (D:10)
  Eustachio (D:5)
  2 wyverns
  2 steam dragons
  Menkaure (D:6)
  An acid dragon (D:8)
  4 water moccasins
  3 sky beasts
  An ice beast (D:8)
  2 ogres
  2 black bears
  4 centaurs
  Blork the orc (D:5)
  2 kobold brigands
  5 bullfrogs
  2 scorpions
  15 wights
  17 killer bees
  3 howler monkeys
  7 hounds
  2 orc priests
  3 jellies
  Jessica (D:2)
  Terence (D:3)
  4 iguanas
  A mummy (D:6)
  8 adders
  A shadow imp (D:8)
  3 white imps
  An ufetubus (D:6)
  A worm (D:2)
  6 dart slugs
  9 orcs
  6 bats
  6 endoplasms
  2 giant cockroaches
  11 goblins
  11 hobgoblins
  7 jackals
  4 quokkas
  9 ball pythons
  3 frilled lizards
  20 kobolds
  5 rats
217 creatures vanquished.

Vanquished Creatures (collateral kills)
  2 two-headed ogres
  Sigmund (D:3)
  An ogre (D:6)
  7 wights
  Robin (D:3)
  An orc (D:7)
13 creatures vanquished.

Vanquished Creatures (others)
  17 dancing weapons
17 creatures vanquished.

Grand Total: 247 creatures vanquished

Notes
Turn   | Place    | Note
-------+----------+-------------------------------------------
     0 | D:1      | LynnLen the Spriggan Enchanter began the quest for the Orb.
     0 | D:1      | Reached XP level 1. HP: 9/9 MP: 5/5
   475 | D:1      | Reached XP level 2. HP: 13/13 MP: 6/6
   523 | D:1      | Learned a level 2 spell: Ensorcelled Hibernation
   531 | D:1      | Reached skill level 5 in Stealth
  1403 | D:2      | Noticed Jessica
  1426 | D:2      | Reached XP level 3. HP: 9/16 MP: 8/8
  1438 | D:2      | Killed Jessica
  1439 | D:2      | Reached skill level 6 in Stealth
  1538 | D:2      | Reached XP level 4. HP: 21/21 MP: 3/10
  1706 | D:2      | Learned a level 3 spell: Confusing Touch
  1710 | D:2      | Learned a level 3 spell: Tukima's Dance
  1854 | D:2      | Found an iron altar of Okawaru.
  2211 | D:2      | Reached skill level 7 in Stealth
  2571 | D:3      | Noticed Robin
  2640 | D:3      | Reached XP level 5. HP: 24/24 MP: 8/11
  2648 | D:3      | Killed Robin
  3037 | D:3      | Identified the +6 whip "Pyefrual" {vamp, Str+3 Stlth+}
  3260 | D:3      | Noticed an ogre
  3369 | D:3      | Killed an ogre
  3370 | D:3      | Reached skill level 8 in Stealth
  3370 | D:3      | Reached skill level 5 in Hexes
  3370 | D:3      | Reached XP level 6. HP: 12/28 MP: 6/13
  3458 | D:3      | Noticed Terence
  3520 | D:3      | Killed Terence
  3557 | D:3      | Noticed Sigmund
  3568 | D:3      | Killed Sigmund
  3569 | D:3      | Reached skill level 5 in Spellcasting
  4328 | D:4      | Reached XP level 7. HP: 32/32 MP: 15/15
  4467 | D:4      | Found a hide-covered altar of Uskayaw.
  4490 | D:4      | Reached skill level 9 in Stealth
  5050 | D:5      | Entered Level 5 of the Dungeon
  5081 | D:5      | Noticed Eustachio
  5104 | D:5      | Killed Eustachio
  5105 | D:5      | Reached skill level 1 in Maces & Flails
  5105 | D:5      | Reached skill level 1 in Evocations
  5272 | D:5      | Reached skill level 1 in Shields
  5312 | D:5      | Reached skill level 10 in Stealth
  5343 | D:5      | Reached XP level 8. HP: 36/36 MP: 15/17
  5360 | D:5      | Learned a level 2 spell: Poisonous Vapours
  5527 | D:5      | Reached skill level 1 in Poison Magic
  5615 | D:5      | Reached skill level 1 in Air Magic
  5687 | D:5      | Found a shadowy altar of Dithmenos.
  5688 | D:5      | Found a hazy altar of Hepliaklqana.
  5697 | D:5      | Became a worshipper of Dithmenos the Shadowed
  5874 | D:5      | Noticed Blork the orc
  5882 | D:5      | Killed Blork the orc
  5883 | D:5      | Reached skill level 11 in Stealth
  6383 | D:6      | Noticed Menkaure
  6399 | D:6      | Killed Menkaure
  6579 | D:6      | Reached XP level 9. HP: 39/39 MP: 18/20
  6746 | D:6      | Found Sadil's General Store.
  6754 | D:6      | Bought a scroll of enchant armour for 90 gold pieces
  6754 | D:6      | Bought a scroll of torment for 114 gold pieces
  6777 | D:6      | Found a snail-covered altar of Cheibriados.
  6971 | D:6      | Reached * piety under Dithmenos
  8144 | D:7      | Found a staircase to the Ecumenical Temple.
  8328 | D:7      | You fall into a shaft and drop 3 floors!
  8328 | D:10     | Entered Level 10 of the Dungeon
  8407 | D:10     | Reached skill level 12 in Stealth
  8409 | D:10     | Reached skill level 5 in Evocations
  8555 | D:9      | Found a broken altar of Ashenzari.
  8587 | D:9      | Paralysed by a hornet for 3 turns
  8748 | D:8      | Noticed a centaur warrior
  8761 | D:8      | Killed a centaur warrior
  8762 | D:8      | Reached XP level 10. HP: 44/44 MP: 19/22
  8877 | D:8      | Reached skill level 13 in Stealth
  8878 | D:8      | Reached ** piety under Dithmenos
  9113 | D:7      | Learned a level 6 spell: Statue Form
  9583 | D:8      | Found Fyonauc's Antique Weapon Boutique.
 10579 | D:9      | Reached skill level 14 in Stealth
 10583 | D:9      | Found a blossoming altar of Fedhas.
 10584 | D:9      | Found an ancient bone altar of Kikubaaqudgha.
 10626 | D:9      | Noticed a cyclops
 10631 | D:9      | Killed a cyclops
 10632 | D:9      | Noticed a cyclops
 10634 | D:9      | Noticed a skeletal warrior
 10643 | D:9      | Killed a cyclops
 10704 | D:9      | Killed a skeletal warrior
 10854 | D:9      | Reached XP level 11. HP: 47/47 MP: 21/25
 11061 | D:9      | Found a radiant altar of Vehumet.
 11477 | D:10     | Reached *** piety under Dithmenos
 11478 | D:10     | Noticed a two-headed ogre
 11482 | D:10     | Noticed a two-headed ogre
 11522 | D:10     | Killed a two-headed ogre
 11553 | D:10     | Killed a two-headed ogre
 12097 | D:10     | Noticed a two-headed ogre
 12100 | D:10     | Noticed a two-headed ogre
 12100 | D:10     | Noticed a two-headed ogre
 12101 | D:10     | Noticed an ogre mage
 12115 | D:10     | Killed a two-headed ogre
 12116 | D:10     | Reached skill level 15 in Stealth
 12146 | D:10     | Killed a two-headed ogre
 12367 | D:9      | Killed a two-headed ogre
 12543 | D:10     | Killed from afar by an ogre mage

Illustrated notes

Levels and vault maps discovered:
D:1:      saegor_arrival_miasma, layout_basic
D:2:      kennysheep_big_flooded_room, layout_basic, basic_altar,
          kennysheep_cross_bottleneck, chequers_mini_garden, uniq_jessica
D:3:      minmay_skewed_foursquare, layout_loops_ring, uniq_robin, uniq_terence,
          uniq_sigmund
D:4:      layout_gridville, nicolae_uskayaw_dance_hall
D:5:      layout_cave_pools, riverfiend_overflow_shadow_ancestor,
          uniq_eustachio, uniq_blork_the_orc
D:6:      layout_loops_ring, slow_altar_1, serial_shops,
          nicolae_shop_advertising_works [nicolae_subvault_shop_adworks],
          kennysheep_potato, uniq_menkaure
D:7:      layout_loops_ring, minmay_temple_entry_gardened_gates
D:8:      layout_loops_ring, serial_shops, shop, st_stairs_12
D:9:      minmay_cornered_nines, layout_rooms,
          grunt_temple_overflow_growth_and_decay,
          mainiacjoe_overflow_tiny_flanked, nicolae_vehumet_radiance
D:10:     layout_loops_ring

Skill      XL: |  1  2  3  4  5  6  7  8  9 10 11 |
---------------+----------------------------------+-----
Hexes          | 4 5 6 7 9 |  9.7
Stealth        | 5 6 7 8 10 11 12 14 15 | 15.1
Spellcasting   | 3 4 5 6 7 9 |  9.9
Maces & Flails | 1 2 3 4 |  4.8
Evocations     | 2 3 5 7 8 |  8.2
Shields        | 1 2 |  2.7
Poison Magic   | 1 2 3 |  3.5
Air Magic      | 1 2 3 |  3.3
Short Blades   | 2 3 |  3.9
Dodging        | |  2.6

Action                     |  1- 3 |  4- 6 |  7- 9 | 10-12 || total
---------------------------+-------+-------+-------+-------++-------
  Melee: Dagger            |    68 |   146 |    81 |       ||   295
         Short sword       |       |       |   149 |   150 ||   299
         Punch             |       |       |     4 |       ||     4
   Cast: Ensorcelled Hiber |    15 |    41 |    52 |    41 ||   149
         Tukima's Dance    |       |     8 |    16 |    25 ||    49
         Confusing Touch   |       |     1 |    17 |    11 ||    29
  Evoke: Wand              |       |       |       |     2 ||     2
    Use: Scroll            |     3 |     2 |     7 |     2 ||    14
         Potion            |     1 |       |     4 |     1 ||     6
   Stab: Sleeping          |    14 |    39 |    46 |    47 ||   146
         Invisible         |     2 |       |       |       ||     2
         Distracted        |       |     1 |     2 |       ||     3
         Confused          |       |     1 |    15 |     4 ||    20
 Armour: Robe              |     7 |    13 |    13 |       ||    33
         Acid dragon scale |       |       |       |     6 ||     6
  Dodge: Dodged            |    70 |   111 |   251 |    88 ||   520
